 Dungeon Crawl Stone Soup version 0.13-a0-2305-ge00d11d (webtiles) character file.

377800 Bruce the Wrestler (level 21, -3/193 (202) HPs)
             Began as a Troll Chaos Knight on July 9, 2013.
             Was the Champion of the Shining One.
             Slain by an azure jelly (5 damage)
             ... created by the royal jelly
             ... while paralysed by a giant eyeball
             ... on Level 6 of the Pits of Slime on July 10, 2013.
             The game lasted 04:19:16 (45541 turns).

Bruce the Wrestler (Troll Chaos Knight)            Turns: 45541, Time: 04:19:16

HP  -3/193 (202) AC 22     Str 35      XL: 21   Next: 76%
MP  26/31        EV  1     Int  7      God: the Shining One [******]
Gold 3519        SH  0     Dex 17      Spells: 10 memorised,  6 levels left

Res.Fire  : x . .   See Invis. : .     - Unarmed
Res.Cold  : + + +   Warding    : .   t - -1 ice dragon armour
Life Prot.: + + +   Conserve   : .   r - -2 large shield
Res.Poison: +       Res.Corr.  : +   P - +2 wizard hat
Res.Elec. : +       Clarity    : .   Z - +2 cloak of Sosynn {rC+ Dam+5}
Sust.Abil.: . .     Spirit.Shd : .   (gloves unavailable)
Res.Mut.  : .       Stasis     : .   (boots unavailable)
Res.Rott. : .       Flight     : .   R - amulet of resist corrosion
Gourmand  : +                        Q - +5 ring of strength
                                     X - ring of poison resistance

@: paralysed, agile, very slightly contaminated, hasted, glowing, very resistant
to hostile enchantments, extremely unstealthy
A: unfitting armour, claws 3, hooves 1, horns 1, fast metabolism 3, gourmand,
+10% mp, magic resistance 1, sense surroundings 1, regeneration 2, saprovore 2,
electricity resistance, tough skin 2, wild magic 1, AC +2, Int -1
a: Divine Shield, Cleansing Flame, Summon Divine Warrior, Renounce Religion
}: 2/15 runes: decaying, serpentine


You were on level 6 of the Pits of Slime.
You worshipped the Shining One. the Shining One was exalted by your worship.
You were very full.

You visited 6 branches of the dungeon, and saw 52 of its levels.
You visited 1 bazaar.
You also visited: Labyrinth, Bailey and Volcano.

You collected 4124 gold pieces.
You spent 625 gold pieces at shops.

Inventory:

Missiles
 E - 7 large rocks (quivered)
Armour
 p - a +0 fire dragon armour {Xtahua}
 r - a -2 large shield (worn)
 t - a -1 ice dragon armour (worn)
 P - a +2 wizard hat (worn)
 Z - the +2 cloak of Sosynn (worn) {rC+ Dam+5}
   (You bought it in a shop on level 9 of the Dungeon)

   It affects your damage-dealing abilities (+5).
   It protects you from cold.
Magical devices
 c - a wand of heal wounds (2)
 f - a wand of cold (1)
 j - a wand of cold (11)
 x - a wand of teleportation (3)
 F - a wand of disintegration (4)
 I - a wand of digging (6)
 K - a wand of heal wounds (4)
Comestibles
 d - 3 bread rations
 A - 4 meat rations
Scrolls
 e - 4 scrolls of blinking
 g - 5 scrolls of enchant armour
 i - a scroll of teleportation
 q - 20 scrolls of remove curse
 z - 4 scrolls of fog
 D - 3 scrolls of magic mapping
 L - a scroll of silence
 M - 2 scrolls of recharging
 O - 3 scrolls of amnesia
 S - 3 scrolls of fear
 W - 10 scrolls of identify
 Y - a scroll of summoning
Jewellery
 a - an uncursed ring of flight
 b - the ring of Xirphef {+/*Tele Str+3 Dex+4}
   (You found it on level 1 of the Lair of Beasts)

   [ring of teleportation]

   It affects your strength (+3).
   It affects your dexterity (+4).
 m - an uncursed ring of protection from fire
 s - an uncursed ring of protection from cold
 w - an uncursed ring of protection from fire
 B - an uncursed ring of protection from cold
 G - an uncursed amulet of conservation
 Q - a +5 ring of strength (right claw)
 R - an amulet of resist corrosion (around neck)
 X - a ring of poison resistance (left claw)
Potions
 l - 2 potions of might
 n - 4 potions of curing
 o - 7 potions of restore abilities
 v - a potion of brilliance
 C - 2 potions of flight
 H - 3 potions of magic
 N - 2 potions of resistance
 U - a potion of agility
Magical staves
 k - an uncursed staff of wizardry
Miscellaneous
 u - a lamp of fire
 y - a phial of floods
 V - a lamp of fire
Rods
 T - a +3 rod of fiery destruction (13/13)
   (Xom gifted it to you on level 18 of the Dungeon)


   Skills:
 - Level 11.5 Fighting
 - Level 9.0 Throwing
 + Level 12.4 Armour
 - Level 10.1 Dodging
 + Level 14.3 Shields
 + Level 22.1 Unarmed Combat
 - Level 5.2 Spellcasting
 - Level 2.4 Conjurations
 - Level 3.3 Translocations
 + Level 9.7 Invocations


You had 6 spell levels left.
You knew the following spells:

 Your Spells              Type           Power        Failure   Level  Hunger
a - Blink                 Tloc           N/A          26%         2    ##.....
b - Repel Missiles        Chrm/Air       #.........   78%         2    ##.....
c - Conjure Flame         Conj/Fire      #.......     82%         3    ####...
d - Apportation           Tloc           #.........   22%         1    #......
e - Swiftness             Chrm/Air       #.........   78%         2    ##.....
f - Flight                Chrm/Air       #.........   98%         3    ####...
g - Silence               Hex/Air        #.........   100%        5    ######.
h - Ice Form              Ice/Trmt       #.........   100%        4    #####..
i - Summon Butterflies    Summ           #.......     54%         1    #......
j - Confusing Touch       Hex            #.........   54%         1    #......


Dungeon Overview and Level Annotations

Branches:
Dungeon (27/27)            Temple (1/1) D:6             Orc (0/4) D:11
   Lair (8/8) D:12          Swamp (5/5) Lair:3        Snake (5/5) Lair:3
  Slime (6/6) Lair:6       Vaults (0/5) D:20
    Zot: D:27

Altars:
Ashenzari
Cheibriados
Fedhas
Kikubaaqudgha
Makhleb
Nemelex Xobeh
Sif Muna
Trog
Vehumet
Xom
Yredelemnul
the Shining One

Shops:
D:4: * D:9: +[ D:11: * D:18: % D:23: % Snake:2: ( Snake:5: [

Portals:
Hell: D:21 D:22 D:23 D:24 D:25 D:26 D:27
Abyss: D:21 D:22 D:25
Pandemonium: D:24

Annotations
D:2 1 exclusion
D:14 1 exclusion
D:20 2 exclusions
D:22 2 exclusions
D:23 2 exclusions
D:24 exclusion: door
D:26 exclusion: 2 statues
D:27 1 exclusion
Lair:8 2 exclusions
Swamp:2 1 exclusion
Snake:3 1 exclusion
Snake:5 Lamia


Innate Abilities, Weirdness & Mutations

You are too large for most types of armour.
You have claws for hands.*
Your metabolism is lightning-fast.
You like to eat raw meat.
You heal very quickly.
You can eat rotten meat.
You are covered in thick fur (AC +2).*
You have very tough skin (AC +2).*
You have large cloven feet.*
You have a pair of small horns on your head.*
You are agile (Dex +1).
You are dopey (Int -1).
You have an increased reservoir of magic (+10% MP).
You are resistant to hostile enchantments.
You passively map a small area around you.
You are resistant to electric shocks.*
Your muscles are strong, but stiff (Str +1, Dex -1).
You are weak (Str -1).
Your spells are a little harder to cast, but a little more powerful.


Message History

The azure jelly hits you but does no damage.
The death ooze hits you but does no damage.
The azure jelly hits you but does no damage.
The azure jelly hits you.
* * * LOW HITPOINT WARNING * * *
The azure jelly hits you.
* * * LOW HITPOINT WARNING * * *
The death ooze hits you but does no damage.
The death ooze hits you!
* * * LOW HITPOINT WARNING * * *
The azure jelly hits you but does no damage.
The azure jelly hits you. The Shining One protects you from harm!
The azure jelly freezes you! You resist.
The Shining One protects you from harm!
The azure jelly hits you but does no damage.
The death ooze jiggles.
The azure jelly hits you but does no damage.
The azure jelly hits you.
You die...

#.#...###.# ##.........#### *
##..............# * *
##.......<........
.##.................. .
................J..........
............................###
...............JJ.............#.
...........J....@J.J.J...........
................JJ...J...........
..................J...........J..
...............................J.
.....................J..JJ.......
................^................
.................................
............................J...J
.................................


You could see 2 acid blobs, 4 azure jellies and 6 death oozes.

Vanquished Creatures
  the royal jelly (Slime:6)
  Saint Roka (D:24)
  Boris (D:25)
  Sojobo (D:20)
  Margery (D:26)
  Mara (Swamp:3)
  The ghost of oinker the Phalangite, a great DjFi of the Shining One (D:23)
  Jory (D:20)
  Xtahua (D:26)
  4 illusory
  Maras (Swamp:3)
  A player illusion (Swamp:3)
  A pearl dragon (D:20)
  16 acid blobs
  2 tentacled monstrosities
  A quicksilver dragon (D:27)
  3 liches
  2 storm dragons (D:26)
  5 sphinxes
  5 tengu reavers
  Rupert (D:20)
  Agnes (D:15)
  2 shadow dragons
  The ghost of Change the Anointer, a mighty DjSk of Makhleb (Swamp:5)
  2 fire giants
  Wiglaf (D:24)
  2 frost giants
  6 azure jellies
  Aizul (Swamp:1)
  An iron dragon (D:27)
  Louise (D:19)
  Jorgrun (D:19)
  3 greater nagas
  An elemental wellspring (D:22)
  18 stone giants
  A white draconian (D:27)
  6 dire elephants
  An ettin (D:22)
  2 green deaths (Swamp:5)
  Snorg (Snake:1)
  3 death oozes
  11 great orbs of eyes
  4 dragons
  A deep elf high priest (D:27)
  A minotaur (Lab)
  20 yaktaur captains
  Harold (D:15)
  2 ice dragons
  10 ogre magi
  Erica (D:12)
  2 alligators
  5 death yaks (Lair:7)
  2 rakshasas
  27 hydras
  10 anacondas
  7 deep troll earth magi
  The ghost of Kae the Impaler, an experienced MfFi of Okawaru (D:10)
  17 naga warriors
  3 very ugly things
  Urug (D:10)
  7 deep troll shamans
  2 fire crabs (shapeshifter)
  3 hell knights (D:26)
  2 catoblepae
  3 fire crabs
  An iron golem (D:20)
  An iron troll (D:24)
  4 deep elf knights
  5 sea snakes
  A storm dragon skeleton (D:24)
  A deep troll (shapeshifter) (D:26)
  13 centaur warriors
  5 unseen horrors
  3 hell beasts
  3 large abominations (Swamp:5)
  3 unseen horrors (shapeshifter)
  An ice devil (D:26)
  6 swamp dragons
  A giant orange brain (shapeshifter) (D:26)
  3 necromancers
  15 deep trolls
  12 hill giants
  4 flayed ghosts
  A giant amoeba (shapeshifter) (D:17)
  9 harpies
  11 giant amoebae
  A wizard (D:20)
  20 orc knights
  2 shining eyes
  A wolf spider zombie (D:17)
  A shadow dragon skeleton (D:24)
  10 cyclopes
  A fire giant zombie (D:20)
  3 orc sorcerers
  5 red wasps
  12 wolf spiders
  A sphinx zombie (D:21)
  3 stone giant zombies
  A wolf spider (shapeshifter) (D:26)
  17 griffons
  A moth of wrath (shapeshifter) (D:10)
  4 elephants
  2 stone giant skeletons
  2 phantasmal warriors
  A frost giant skeleton (D:17)
  31 black mambas
  2 guardian serpents (shapeshifter)
  An eye of devastation (shapeshifter) (D:27)
  18 humans
  A fire giant skeleton (D:24)
  3 orange demons (Swamp:5)
  A sixfirhy (D:26)
  2 guardian serpents (Snake:5)
  An item mimic (Lair:4)
  2 smoke demons
  An efreet (D:27)
  2 feature mimics
  A black mamba (shapeshifter) (D:22)
  17 spiny frogs
  2 eyes of devastation (D:27)
  13 naga magi
  A mermaid (D:27)
  A mermaid (shapeshifter) (D:26)
  32 yaktaurs
  2 iron devils (D:26)
  An elf (shapeshifter) (D:26)
  A hellwing (D:24)
  A harpy zombie (D:17)
  A red devil (D:26)
  2 snapping turtles (shapeshifter) (D:26)
  9 komodo dragons
  3 fire drakes
  A komodo dragon (shapeshifter) (D:23)
  3 polar bears (shapeshifter)
  A queen bee (D:14)
  14 blink frogs
  An orb spider (Lair:4)
  21 two-headed ogres
  6 giant leeches
  5 trolls
  Prince Ribbit (D:5)
  A jumping spider (shapeshifter) (D:26)
  7 bog bodies
  10 brown oozes
  104 slime creatures
  A red wasp zombie (D:16)
  A stone giant simulacrum (D:22)
  2 boulder beetles
  2 dragon zombies
  A basilisk (shapeshifter) (D:26)
  A grizzly bear (Lair:4)
  4 basilisks
  A brown ooze (shapeshifter) (D:19)
  A blink frog (shapeshifter) (D:26)
  39 ugly things
  A trapdoor spider (D:15)
  4 vampires
  8 air elementals
  6 shadows
  A griffon skeleton (D:16)
  An octopode (D:27)
  2 wyverns
  69 yaks
  23 vampire mosquitoes
  8 water elementals (D:22)
  4 golden eyes
  A hungry ghost (D:12)
  6 sharks
  7 hippogriffs
  A rock worm (D:27)
  2 clay golems (Volcano)
  4 deep elf fighters
  A hippogriff (shapeshifter) (D:26)
  Grum (D:9)
  9 wolves
  A chaos spawn (D:26)
  A hill giant zombie (D:16)
  2 deep elf conjurers
  4 hill giant skeletons
  2 merfolk
  Edmund (D:4)
  29 swamp worms
  8 manticores
  4 mottled dragons
  30 orc warriors
  A soldier ant (D:11)
  2 orange crystal statues
  6 swamp drakes
  5 freezing wraiths
  A black bear (shapeshifter) (D:26)
  A deep troll skeleton (D:21)
  65 nagas
  2 black bears
  8 ice beasts
  4 hell hounds
  12 giant goldfish
  14 porcupines
  47 ogres
  4 sky beasts
  10 crocodiles
  36 centaurs
  A crocodile (shapeshifter) (D:26)
  8 giant slugs
  3 rotting devils (Swamp:5)
  12 giant frogs
  3 boring beetles
  A giant slug zombie (D:17)
  5 wargs
  4 brain worms
  3 big kobolds
  A silver statue (D:26)
  6 insubstantial wisps (Swamp:5)
  25 water moccasins
  A cyclops zombie (D:13)
  5 yaktaur skeletons
  7 agate snails
  2 deep elf magi
  3 glowing shapeshifter simulacra (D:21)
  8 eyes of draining
  A cyclops skeleton (D:14)
  34 killer bees
  4 wights (D:15)
  A hippogriff zombie (D:13)
  A boulder beetle zombie (D:18)
  13 jellyfish
  A troll zombie (D:13)
  2 vampire bats (Lair:2)
  A yak skeleton (D:14)
  6 lava fish
  5 pulsating lumps
  A pulsating lump (shapeshifter) (D:26)
  2 lava snakes
  10 electric eels
  14 crimson imps
  5 goliath beetles
  A boring beetle zombie (D:20)
  5 big fish
  10 hounds
  7 orc priests
  5 quasits
  A basilisk skeleton (D:14)
  2 deep elf soldiers (D:17)
  10 iguanas
  6 orange rats (Lair:4)
  4 scorpions
  10 jellies
  An iron imp (Lair:6)
  10 orc wizards
  A boulder beetle simulacrum (D:17)
  7 worker ants
  A mottled dragon zombie (D:14)
  2 ogre zombies
  A killer bee zombie (D:14)
  6 boggarts
  A hound skeleton (D:11)
  21 gnolls
  2 lemures
  43 adders
  7 giant centipedes
  64 green rats
  3 shadow imps
  An inept feature mimic (D:6)
  4 white imps
  2 giant mites
  2 worms
  3 ufetubi
  An adder zombie (D:9)
  4 giant eyeballs
  7 giant geckos
  12 oozes
  68 orcs
  2 ball pythons (D:1)
  27 bats
  A bat skeleton (D:6)
  2 giant cockroaches (D:1)
  24 goblins
  15 hobgoblins
  32 kobolds
  11 quokkas
  8 giant newts
  A hobgoblin zombie (D:5)
  4 illusory rakshasas
  19 jackals
  A kobold skeleton (D:4)
  An orc zombie (D:26)
  A quokka skeleton (D:9)
  21 rats
  5 ballistomycetes
  3 butterflies (Swamp:3)
  A fungus (Lair:8)
  11 plants
2002 creatures vanquished.

Vanquished Creatures (collateral kills)
  A player illusion (Swamp:3)
  Frances (Snake:2)
  A stone giant (D:26)
  2 yaktaur captains (D:26)
  A naga warrior (Snake:2)
  A deep troll (D:19)
  A cyclops (D:17)
  An orc sorcerer (D:19)
  3 elephants (Lair:5)
  2 yaktaurs (D:26)
  A naga mage (Snake:5)
  A troll (D:9)
  2 slime creatures
  2 ugly things
  A hippogriff (Lair:7)
  A yak (D:19)
  2 nagas
  An orc warrior (D:19)
  A black bear (D:7)
  A centaur (D:7)
  A brain worm (D:18)
  A water moccasin (Lair:5)
  An agate snail (Lair:7)
  3 killer bees
  An electric eel (Snake:3)
  A quasit (Lair:7)
  An iron imp (Lair:7)
  A scorpion (D:8)
  4 green rats (Lair:5)
  A gnoll (D:9)
  A shadow imp (Lair:7)
  An ufetubus (Lair:7)
  A goblin (D:7)
  A hobgoblin (D:7)
  4 illusory rakshasas
  A jackal (D:7)
  2 rats (D:7)
  2 butterflies (Swamp:3)
  A fungus (Lair:7)
56 creatures vanquished.

Vanquished Creatures (others)
  A daeva (Swamp:3)
  An angel (Slime:6)
  2 dancing weapons
  2 very ugly things
  A slime creature (D:16)
  A water elemental (Snake:5)
  6 fire elementals
  An ugly thing (D:16)
  3 vampire mosquitoes
  A porcupine (Lair:5)
  A naga (Snake:4)
  An orc warrior (D:26)
  2 deep elf magi
  A brain worm (D:19)
  An insubstantial wisp (Swamp:5)
  2 killer bees (D:14)
  9 quasits
  8 crimson imps
  A gnoll shaman (D:9)
  An orc wizard (D:9)
  6 iron imps
  A deep elf soldier (D:17)
  2 adders
  3 green rats (Lair:8)
  6 lemures
  4 shadow imps
  4 white imps
  8 ufetubi
  4 orcs
  A bat (Lair:5)
  A human (D:20)
  A jackal (Lair:4)
  3 giant spores
  2 kobolds (D:18)
  A butterfly (Swamp:3)
  13 fungi
  17 plants
123 creatures vanquished.

Grand Total: 2181 creatures vanquished

Notes
Turn   | Place    | Note
--------------------------------------------------------------
     0 | D:1      | Bruce, the Troll Chaos Knight, began the quest for the Orb.
     0 | D:1      | Reached XP level 1. HP: 20/20 MP: 1/1
    55 | D:1      | XOM: divination: detect items
   167 | D:1      | Reached XP level 2. HP: 28/28 MP: 1/1
   362 | D:1      | XOM: silly message
   364 | D:1      | Reached XP level 3. HP: 36/36 MP: 2/2
   442 | D:2      | XOM: harmless Erth miscast
   944 | D:3      | Reached XP level 4. HP: 44/44 MP: 2/2
  1166 | D:3      | Reached skill level 4 in Unarmed Combat
  1259 | D:3      | XOM: divination: detect creatures
  1287 | D:3      | XOM: potion effect (brilliance)
  1432 | D:4      | Noticed Edmund
  1443 | D:4      | XOM: enchant monster (good)
  1454 | D:4      | Killed Edmund
  1454 | D:4      | Reached XP level 5. HP: 52/52 MP: 2/2
  1477 | D:4      | Reached XP level 6. HP: 59/59 MP: 3/3
  1565 | D:4      | Found Joapsaf's General Store.
  1582 | D:4      | Bought a scroll of fog for 26 gold pieces
  1583 | D:4      | XOM: god gift: pair of dwarven boots {god gift}
  1784 | D:4      | XOM: cast spell 'Dragon Form'
  1993 | D:5      | Entered Level 5 of the Dungeon
  1997 | D:5      | Noticed Prince Ribbit
  2112 | D:5      | Reached skill level 5 in Unarmed Combat
  2164 | D:5      | Gained mutation: Your muscles are flexible, but weak (Str -1, Dex +1). [potion of mutation]
  2164 | D:5      | Gained mutation: Your system is resistant to poisons. [potion of mutation]
  2164 | D:5      | Gained mutation: You are somewhat resistant to further mutation. [potion of mutation]
  2174 | D:5      | Killed Prince Ribbit
  2174 | D:5      | Reached XP level 7. HP: 57/67 MP: 3/3
  2422 | D:5      | XOM: potion effect (curing)
  2448 | D:5      | XOM: swap monsters
  2450 | D:5      | Reached skill level 5 in Fighting
  2454 | D:5      | Found a bloodstained altar of Trog.
  2626 | D:5      | Reached skill level 6 in Unarmed Combat
  2852 | D:6      | Reached XP level 8. HP: 12/78 MP: 3/3
  2873 | D:6      | Reached skill level 5 in Dodging
  3002 | D:6      | Found a staircase to the Ecumenical Temple.
  3101 | Temple   | Entered the Ecumenical Temple
  3153 | Temple   | XOM: noise
  3251 | D:6      | XOM: give mutations
  3251 | D:6      | Gained mutation: You have a pair of small horns on your head. [Xom's grace]
  3251 | D:6      | Gained mutation: Your muscles are very flexible, but weak (Str -2, Dex +2). [Xom's grace]
  3251 | D:6      | Gained mutation: You are resistant to hostile enchantments. [Xom's grace]
  3415 | D:7      | XOM: cast spell 'Summon Horrible Things'
  3418 | D:7      | Reached skill level 7 in Unarmed Combat
  3589 | D:8      | XOM: 6-stop teleportation journey
  3620 | D:8      | XOM: god gift: 9 bolts of penetration
  3625 | D:8      | Found a flagged portal.
  3689 | Bailey   | Entered a bailey
  3862 | Bailey   | XOM: divination: detect items
  3917 | Bailey   | Reached XP level 9. HP: 43/85 MP: 4/4
  4037 | Bailey   | XOM: polymorph gnoll -> boggart
  4070 | Bailey   | XOM: god gift: 51 gold pieces
  4363 | D:8      | XOM: harmless Chrm miscast
  4487 | D:8      | XOM: divination: magic mapping
  4511 | D:8      | XOM: harmless Erth miscast
  4514 | D:8      | XOM: confuse monster(s)
  4515 | D:8      | XOM: confusion (+ monsters)
  4636 | D:8      | Found a burning altar of Makhleb.
  4640 | D:8      | Found a bloodstained altar of Trog.
  4641 | D:8      | Found a shattered altar of Ashenzari.
  4641 | D:8      | Found a deep blue altar of Sif Muna.
  4720 | D:9      | XOM: chaos upgrade
  4724 | D:9      | Reached skill level 8 in Unarmed Combat
  4726 | D:9      | XOM: blink monster(s)
  4779 | D:9      | Learned a level 2 spell: Blink
  4782 | D:9      | Learned a level 2 spell: Repel Missiles
  4786 | D:9      | Learned a level 3 spell: Conjure Flame
  4797 | D:9      | Noticed Grum
  4807 | D:9      | Killed Grum
  4839 | D:9      | XOM: confuse monster(s)
  4845 | D:9      | XOM: enchant monster (bad)
  4846 | D:9      | XOM: blink monster(s)
  4857 | D:9      | XOM: summons 3 friendly demons
  4859 | D:9      | Reached skill level 1 in Conjurations
  4908 | D:9      | XOM: summons friendly crimson imp
  5061 | D:9      | Reached skill level 1 in Spellcasting
  5149 | D:9      | XOM: summons 5 friendly demons
  5153 | D:9      | Reached XP level 10. HP: 80/96 MP: 7/7
  5179 | D:9      | Found a blossoming altar of Fedhas.
  5367 | D:9      | Found Guseaxzo's Antique Armour Emporium.
  5373 | D:9      | Noticed a hill giant
  5385 | D:9      | Killed a hill giant
  5385 | D:9      | Reached skill level 9 in Unarmed Combat
  5395 | D:9      | Bought an encrusted cloak for 150 gold pieces
  5395 | D:9      | Bought an embroidered robe for 17 gold pieces
  5412 | D:9      | Identified the cursed +2 cloak of Sosynn {rC+ Dam+5} (You bought it in a shop on level 9 of the Dungeon)
  5420 | D:9      | XOM: vitrification
  5439 | D:9      | XOM: inner flame monster(s)
  5444 | D:9      | XOM: enchant monster (good)
  5447 | D:9      | XOM: enchant monster (good)
  5612 | D:9      | Found Vieprit's Book Emporium.
  5756 | D:9      | Paralysed by a giant eyeball for 2 turns
  5766 | D:10     | Entered Level 10 of the Dungeon
  5786 | D:9      | Bought a wizard robe for 142 gold pieces
  5794 | D:9      | Identified the +0 robe of the Dungeon {rPois Dex+4} (You bought it in a shop on level 9 of the Dungeon)
  5798 | D:9      | XOM: divination: detect creatures
  5904 | D:10     | Noticed Urug
  5911 | D:10     | XOM: harmless Tloc miscast
  5915 | D:10     | Killed Urug
  5915 | D:10     | Reached skill level 1 in Translocations
  5930 | D:10     | XOM: chaos upgrade
  5965 | D:10     | XOM: harmless Erth miscast
  6048 | D:10     | XOM: torment (55/97 hp)
  6097 | D:10     | Noticed a moth of wrath
  6103 | D:10     | Killed a moth of wrath
  6166 | D:10     | Noticed Kae's ghost (experienced MfFi)
  6172 | D:10     | XOM: give mutations
  6172 | D:10     | Lost mutation: You have a pair of small horns on your head. [Xom's mischief]
  6172 | D:10     | Gained mutation: You are covered in thick fur (AC +2). [Xom's mischief]
  6172 | D:10     | Lost mutation: Your muscles are very flexible, but weak (Str -2, Dex +2). [Xom's mischief]
  6173 | D:10     | XOM: confuse monster(s)
  6178 | D:10     | XOM: confusion (+ monsters)
  6181 | D:10     | Killed Kae's ghost
  6366 | D:10     | Noticed a hill giant
  6369 | D:10     | XOM: enchant monster (good)
  6387 | D:10     | Killed a hill giant
  6387 | D:10     | Reached XP level 11. HP: 70/106 MP: 10/11
  6716 | D:11     | XOM: enchant monster (good)
  6916 | D:11     | XOM: colour smoke trail
  6955 | D:11     | XOM: blink monster(s)
  7087 | D:11     | Found Ukinud's Assorted Antiques.
  7102 | D:11     | Found a staircase to the Orcish Mines.
  7104 | D:11     | Bought a scroll labeled JIG TEEBBEDAUN for 31 gold pieces
  7161 | D:12     | Noticed Erica
  7161 | D:12     | XOM: cast spell 'Statue Form'
  7166 | D:12     | Killed Erica
  7178 | D:12     | XOM: colour smoke trail
  7188 | D:12     | Reached skill level 10 in Unarmed Combat
  7258 | D:12     | XOM: confuse monster(s)
  7422 | D:12     | Reached skill level 1 in Throwing
  7549 | D:12     | XOM: colour smoke trail
  7568 | D:12     | XOM: summons friendly ufetubus
  7584 | D:12     | XOM: summons 4 friendly demons
  7739 | D:12     | XOM: polymorph steam dragon -> human
  7814 | D:12     | Found a staircase to the Lair.
  7857 | Lair:1   | Entered Level 1 of the Lair of Beasts
  7962 | Lair:1   | XOM: snakes to sticks
  7964 | Lair:1   | Got a glittering granite ring
  7965 | Lair:1   | Identified the ring of Xirphef {+/*Tele Str+3 Dex+4} (You found it on level 1 of the Lair of Beasts)
  7990 | Lair:1   | Noticed a five-headed hydra
  7994 | Lair:1   | XOM: enchant monster (good)
  8263 | Lair:1   | XOM: confuse monster(s)
  8562 | Lair:1   | XOM: medium Pois miscast
  8668 | Lair:1   | Killed a seven-headed hydra
  8668 | Lair:1   | Reached XP level 12. HP: 115/117 MP: 17/17
  8753 | Lair:2   | XOM: mild Conj miscast
  8991 | Lair:2   | XOM: noise
  9130 | Lair:2   | Noticed an eight-headed hydra
  9136 | Lair:2   | Killed an eight-headed hydra
  9151 | Lair:2   | XOM: summons 6 hostile demons
  9465 | Lair:3   | XOM: polymorph big fish -> sky beast
  9497 | Lair:3   | Found a staircase to the Shoals.
  9497 | Lair:3   | XOM: 1-stop teleportation journey
  9538 | Lair:3   | the staircase to the Shoals was a mimic.
  9541 | Lair:3   | XOM: summons friendly quasit
  9591 | Lair:3   | Gained mutation: You have a somewhat thin skeletal structure (Dex +2, Stlth). [potion of beneficial mutation]
  9699 | Lair:3   | XOM: enchant monster (good)
  9734 | Lair:3   | XOM: harmless Tloc miscast
  9800 | Lair:3   | XOM: mild Divn miscast
  9811 | Lair:3   | XOM: silly message
  9812 | Lair:3   | XOM: summons 1 friendly demon
  9817 | Lair:3   | XOM: polymorph yak -> yaktaur
  9821 | Lair:3   | XOM: confusion
  9846 | Lair:3   | Found a dark tunnel.
  9900 | Volcano  | Entered a volcano
 10105 | Volcano  | Found a radiant altar of Vehumet.
 10117 | Volcano  | Reached skill level 11 in Unarmed Combat
 10162 | Volcano  | XOM: severe Conj miscast
 10394 | Volcano  | XOM: give mutations
 10394 | Volcano  | Lost mutation: Your muscles are flexible, but weak (Str -1, Dex +1). [Xom's mischief]
 10394 | Volcano  | Gained mutation: You are frail (-10% HP). [Xom's mischief]
 10394 | Volcano  | Lost mutation: You have a somewhat thin skeletal structure (Dex +2, Stlth). [Xom's mischief]
 10400 | Lair:3   | XOM: noise
 10403 | Lair:3   | XOM: enchant monster (good)
 10540 | Lair:3   | XOM: severe Chrm miscast
 10598 | Lair:4   | XOM: polymorph water moccasin -> orb spider
 10617 | Lair:4   | XOM: summons 1 hostile demon
 10682 | Lair:4   | Reached skill level 1 in Shields
 10694 | Lair:4   | XOM: enchant monster (bad)
 10901 | Lair:4   | XOM: polymorph komodo dragon -> merfolk
 11223 | Lair:5   | Noticed an eight-headed hydra
 11235 | Lair:5   | XOM: medium Erth miscast
 11240 | Lair:5   | XOM: enchant monster (good)
 11257 | Lair:5   | XOM: summons friendly ufetubus
 11259 | Lair:5   | Killed a 12-headed hydra
 11259 | Lair:5   | Reached skill level 5 in Throwing
 11259 | Lair:5   | Reached skill level 5 in Spellcasting
 11259 | Lair:5   | Reached XP level 13. HP: 51/113 MP: 18/20
 11325 | Lair:5   | Noticed a five-headed hydra
 11328 | Lair:5   | XOM: blink monster(s)
 11331 | Lair:5   | XOM: silly message
 11333 | Lair:5   | XOM: divination: detect items
 11544 | Lair:5   | XOM: god gift: ebony sling {god gift}
 11545 | Lair:5   | Got an ebony sling {god gift}
 11664 | Lair:6   | XOM: confusion (+ monsters)
 11667 | Lair:6   | XOM: swap monsters
 11695 | Lair:6   | XOM: enchant monster (good)
 11709 | Lair:6   | XOM: harmless Divn miscast
 11722 | Lair:6   | XOM: mild Summ miscast
 11995 | Lair:6   | Found a staircase to the Slime Pits.
 12120 | Lair:6   | XOM: mild Pois miscast
 12360 | Lair:7   | XOM: noise
 12369 | Lair:7   | XOM: harmless Pois miscast
 12374 | Lair:7   | XOM: enchant monster (bad)
 12379 | Lair:7   | XOM: summons friendly quasit
 12386 | Lair:7   | XOM: swap monsters
 12395 | Lair:7   | XOM: confuse monster(s)
 12406 | Lair:6   | XOM: divine lightning (protected)
 12456 | Lair:7   | XOM: noise
 12458 | Lair:7   | XOM: blink monster(s)
 12459 | Lair:7   | XOM: summons 13 friendly demons
 12465 | Lair:7   | XOM: inner flame monster(s)
 12467 | Lair:7   | XOM: summons friendly ufetubus
 12474 | Lair:7   | XOM: swap monsters
 12483 | Lair:7   | XOM: summons 2 friendly demons
 12490 | Lair:7   | Reached skill level 10 in Fighting
 12499 | Lair:7   | XOM: summons 13 friendly demons
 12687 | Lair:7   | Reached skill level 10 in Dodging
 12936 | Lair:7   | XOM: vitrification
 13008 | Lair:7   | XOM: give mutations
 13008 | Lair:7   | Gained mutation: You are weak (Str -1). [Xom's mischief]
 13008 | Lair:7   | Lost mutation: You are weak (Str -1). [Xom's mischief]
 13008 | Lair:7   | Gained mutation: You are very frail (-20% HP). [Xom's mischief]
 13008 | Lair:7   | Gained mutation: You are resistant to electric shocks. [Xom's mischief]
 13123 | Lair:8   | Entered Level 8 of the Lair of Beasts
 13152 | Lair:8   | Reached skill level 12 in Unarmed Combat
 13222 | Lair:8   | XOM: god gift: 6 royal jellies
 13304 | Lair:8   | XOM: vitrification
 13426 | Lair:8   | XOM: god gift: phial of floods
 13495 | Lair:8   | XOM: god gift: potion of might
 13748 | Lair:8   | XOM: vitrification
 13827 | Lair:8   | XOM: vitrification
 13839 | Lair:8   | XOM: summons 5 hostile demons
 14006 | Lair:8   | XOM: torment (52/101 hp)
 14135 | Lair:8   | XOM: enchant monster (bad)
 14218 | Lair:8   | XOM: stat loss: -1 Str (29/30)
 14249 | Lair:8   | Noticed a dire elephant
 14250 | Lair:8   | Noticed a dire elephant
 14270 | Lair:8   | XOM: summons friendly ufetubus
 14275 | Lair:8   | XOM: polymorph dire elephant -> dire elephant
 14279 | Lair:8   | Killed a dire elephant
 14284 | Lair:8   | Killed a dire elephant
 14376 | Lair:8   | Noticed a dire elephant
 14384 | Lair:8   | XOM: god gift: 9 honeycombs
 14390 | Lair:8   | Killed a dire elephant
 14390 | Lair:8   | Reached XP level 14. HP: 57/109 MP: 21/21
 14420 | Lair:8   | Noticed a dire elephant
 14429 | Lair:8   | Killed a dire elephant
 14448 | Lair:8   | Noticed a dire elephant
 14457 | Lair:8   | Killed a dire elephant
 14502 | Lair:8   | XOM: polymorph elephant -> merfolk
 14504 | Lair:8   | XOM: polymorph elephant -> sea snake
 14513 | Lair:8   | XOM: mild Tloc miscast
 14521 | Lair:8   | XOM: noise
 14739 | Lair:4   | XOM: medium Tloc miscast
 14824 | Lair:4   | XOM: mild Summ miscast
 14890 | Lair:3   | Found a staircase to the Snake Pit.
 14974 | Lair:3   | Found a staircase to the Swamp.
 14986 | Lair:3   | XOM: noise
 15049 | Snake:1  | Entered Level 1 of the Snake Pit
 15335 | Snake:1  | XOM: potion effect (brilliance)
 15356 | Snake:1  | XOM: snakes to sticks
 15514 | Snake:1  | XOM: god gift: scroll labeled MYASHR IDGHYOX
 15526 | Snake:1  | XOM: polymorph naga -> ice beast
 15649 | Snake:1  | XOM: potion effect (curing)
 15694 | Snake:1  | XOM: mild Summ miscast
 15735 | Snake:1  | XOM: chaos upgrade
 15921 | Snake:1  | XOM: medium Hex miscast
 15929 | Snake:1  | XOM: medium Tloc miscast
 15945 | Snake:1  | Noticed Snorg
 15951 | Snake:1  | Killed Snorg
 15951 | Snake:1  | Reached skill level 5 in Shields
 15978 | Snake:1  | XOM: 6-stop teleportation journey
 16199 | Snake:2  | XOM: mild Summ miscast
 16335 | Snake:2  | Noticed Frances
 16341 | Snake:2  | XOM: confuse monster(s)
 16348 | Snake:2  | Killed Frances
 16505 | Snake:2  | Learned a level 1 spell: Apportation
 16508 | Snake:2  | XOM: god gift: 17 stones
 16514 | Snake:2  | Found Vaupnau's Weapon Emporium.
 16584 | Snake:2  | Reached skill level 13 in Unarmed Combat
 16657 | Snake:2  | XOM: give mutations
 16657 | Snake:2  | Gained mutation: You have sharp toenails. [Xom's grace]
 16657 | Snake:2  | Lost mutation: You are very frail (-20% HP). [Xom's grace]
 17242 | Snake:2  | XOM: cast spell 'Flight'
 17243 | Snake:2  | XOM: give mutations
 17243 | Snake:2  | Gained mutation: You are agile (Dex +1). [Xom's grace]
 17243 | Snake:2  | Gained mutation: You have a pair of small horns on your head. [Xom's grace]
 17426 | Snake:2  | XOM: inner flame monster(s)
 17435 | Snake:2  | XOM: confuse monster(s)
 17610 | Snake:3  | XOM: cast spell 'Blink'
 17611 | Snake:3  | XOM: 4-stop teleportation journey
 17630 | Snake:3  | XOM: divination: detect items
 17743 | Snake:3  | XOM: potion effect (heal wounds)
 17813 | Snake:3  | Found a snail-covered altar of Cheibriados.
 17909 | Snake:3  | XOM: divination: detect items
 17989 | Snake:3  | XOM: colour smoke trail
 18276 | Snake:4  | XOM: enchant monster (good)
 18367 | Snake:4  | XOM: cast spell 'Olgreb's Toxic Radiance'
 18386 | Snake:4  | XOM: cast spell 'Summon Small Mammal'
 18774 | Snake:4  | Reached XP level 15. HP: 106/133 MP: 22/22
 18833 | Snake:4  | XOM: mild Tloc miscast
 19093 | Snake:5  | Entered Level 5 of the Snake Pit
 19153 | Snake:5  | Found Clygaeth's Armour Shoppe.
 19211 | Snake:5  | XOM: enchant monster (good)
 19212 | Snake:5  | XOM: summons friendly shadow imp
 19233 | Snake:5  | Reached skill level 1 in Armour
 19503 | Snake:5  | XOM is BORED!
 19503 | Snake:5  | XOM: mild Ice miscast
 19515 | Snake:5  | XOM: summons 2 friendly demons
 19562 | Snake:5  | Found a blossoming altar of Fedhas.
 19599 | Snake:5  | XOM: snakes to sticks
 19684 | Snake:5  | XOM: inner flame monster(s)
 19823 | Snake:5  | XOM: harmless Tloc miscast
 19877 | Snake:5  | XOM: 1-stop teleportation journey
 19885 | Snake:5  | XOM: silly message
 19925 | Snake:5  | Reached skill level 14 in Unarmed Combat
 20004 | Snake:5  | XOM: harmless Chrm miscast
 20053 | Snake:5  | XOM: summons 5 hostile shadow creatures
 20553 | Snake:5  | XOM: harmless Trmt miscast
 20627 | Snake:5  | XOM: potion effect (berserk)
 20660 | Snake:5  | XOM: divination: detect items
 20802 | Snake:5  | Noticed Lamia
 20802 | Snake:5  | XOM: harmless Ice miscast
 20805 | Snake:5  | XOM: potion effect (berserk)
 20808 | Snake:5  | XOM: potion effect (speed)
 20853 | Snake:5  | Reached skill level 15 in Unarmed Combat
 20862 | Snake:5  | XOM: divination: detect items
 20892 | Snake:5  | Got a serpentine rune of Zot
 20909 | Snake:5  | XOM: give mutations
 20909 | Snake:5  | Lost mutation: Your system is resistant to poisons. [Xom's mischief]
 20909 | Snake:5  | Lost mutation: You are agile (Dex +1). [Xom's mischief]
 20915 | Snake:5  | XOM: confusion
 21879 | D:13     | XOM: give mutations
 21879 | D:13     | Gained mutation: You are agile (Dex +1). [Xom's mischief]
 21879 | D:13     | Lost mutation: You are frail (-10% HP). [Xom's mischief]
 21879 | D:13     | Gained mutation: You are dopey (Int -1). [Xom's mischief]
 21908 | D:13     | XOM: harmless Divn miscast
 22053 | D:13     | XOM: enchant monster (bad)
 22116 | D:13     | XOM is BORED!
 22116 | D:13     | XOM: 3-stop teleportation journey
 22149 | D:13     | Identified the Collected Works on Excruciating Fire
 22352 | D:13     | XOM: cast spell 'Dragon Form'
 22698 | D:14     | Entered Level 14 of the Dungeon
 23005 | D:14     | XOM: inner flame monster(s)
 23079 | D:14     | XOM: god gift: glowing bronze wand {god gift}
 23125 | D:14     | Reached skill level 16 in Unarmed Combat
 23327 | D:14     | Learned a level 2 spell: Swiftness
 23645 | D:15     | Entered Level 15 of the Dungeon
 23666 | D:15     | Noticed Agnes
 23673 | D:15     | Killed Agnes
 23691 | D:15     | XOM: harmless Trmt miscast
 23814 | D:15     | XOM: 1-stop teleportation journey
 23871 | D:15     | XOM: confuse monster(s)
 23910 | D:15     | Noticed Harold
 23916 | D:15     | Killed Harold
 23916 | D:15     | Reached XP level 16. HP: 158/158 MP: 23/23
 24026 | D:15     | XOM: polymorph yak -> black bear
 24294 | D:15     | XOM: medium Fire miscast
 24388 | D:16     | XOM: polymorph trapdoor spider -> fire crab
 24389 | D:16     | XOM: inner flame monster(s)
 24500 | D:16     | XOM: summons 16 friendly demons
 24515 | D:16     | XOM: divination: detect items
 24657 | D:17     | XOM: confuse monster(s)
 24667 | D:17     | Reached skill level 17 in Unarmed Combat
 24690 | D:17     | XOM: blink monster(s)
 24736 | D:16     | XOM: enchant monster (good)
 25092 | D:16     | XOM: divination: detect items
 25549 | D:17     | XOM: vitrification
 25559 | D:17     | XOM: confuse monster(s)
 25633 | D:17     | XOM: noise
 25712 | D:17     | Found a glowing golden altar of the Shining One.
 25927 | D:17     | XOM: inner flame monster(s)
 25957 | D:17     | XOM: give mutation
 25957 | D:17     | Gained mutation: You passively map a small area around you. [Xom's grace]
 26099 | D:17     | XOM: summons 2 friendly demons
 26112 | D:17     | XOM: enchant monster (good)
 26115 | D:17     | XOM: medium Fire miscast
 26132 | D:17     | XOM: summons friendly iron imp
 26145 | D:17     | XOM: confusion (+ monsters)
 26164 | D:17     | XOM: confusion
 26171 | D:17     | XOM: summons friendly quasit
 26499 | D:17     | Reached skill level 18 in Unarmed Combat
 26520 | D:18     | XOM: divination: magic mapping
 26580 | D:18     | XOM: god gift: 10 stones
 26595 | D:18     | XOM: enchant monster (good)
 26598 | D:18     | XOM: summons 2 friendly demons
 26704 | D:18     | Found Pseanala's Food Emporium.
 26739 | D:18     | XOM: summons friendly smoke demon
 26825 | D:18     | XOM: inner flame monster(s)
 26828 | D:18     | XOM: 3-stop teleportation journey
 27013 | D:18     | Found a labyrinth entrance.
 27023 | Lab      | Entered a labyrinth
 27177 | Lab      | XOM: vitrification
 27732 | Lab      | Identified a +3 rod of venom (12/12) (You found it in a labyrinth)
 27766 | D:18     | XOM: mild Fire miscast
 27870 | D:19     | XOM: summons friendly iron imp
 27881 | D:19     | XOM: give mutations
 27881 | D:19     | Lost mutation: You are dopey (Int -1). [Xom's mischief]
 27881 | D:19     | Lost mutation: You have sharp toenails. [Xom's mischief]
 27881 | D:19     | Lost mutation: You are somewhat resistant to further mutation. [Xom's mischief]
 27881 | D:19     | Gained mutation: You are weak (Str -1). [Xom's mischief]
 27889 | D:19     | Found a basalt altar of Yredelemnul.
 27924 | D:19     | XOM: summons friendly white imp
 28049 | D:19     | Noticed Louise
 28067 | D:19     | Killed Louise
 28100 | D:19     | Noticed Jorgrun
 28119 | D:19     | Killed Jorgrun
 28232 | D:19     | XOM: 6-stop teleportation journey
 28436 | D:20     | Entered Level 20 of the Dungeon
 28436 | D:20     | Found a staircase to the Vaults.
 28436 | D:20     | Noticed Rupert
 28505 | D:19     | XOM: divine lightning (protected)
 28513 | D:19     | Paralysed by an orc sorcerer for 2 turns
 28568 | D:18     | XOM: god gift: gnarled glowing rod {god gift}
 28573 | D:18     | Identified a +3 rod of fiery destruction (13/13) (Xom gifted it to you on level 18 of the Dungeon)
 28631 | D:17     | XOM: summons 5 friendly demons
 28653 | D:17     | Reached XP level 17. HP: 162/166 MP: 23/23
 28775 | D:18     | XOM: divination: detect creatures
 28789 | D:18     | XOM: divination: detect creatures
 28920 | D:19     | XOM: harmless Conj miscast
 28969 | D:20     | Noticed Jory
 28987 | D:20     | Killed Jory
 29291 | D:20     | XOM: potion effect (berserk)
 29295 | D:20     | XOM: god gift: 7 needles of confusion
 29304 | D:20     | XOM: divination: detect creatures
 29339 | D:20     | Killed Rupert
 29539 | D:20     | XOM: enchant monster (good)
 29551 | D:20     | Reached skill level 19 in Unarmed Combat
 29580 | D:20     | XOM: medium Trmt miscast
 29694 | D:20     | Noticed Mennas
 29704 | D:20     | Noticed Mennas
 29704 | D:20     | Mennas changed into Mennas the pearl dragon
 29704 | D:20     | XOM: polymorph Mennas -> Mennas the pearl dragon
 29724 | D:20     | Killed Mennas the pearl dragon
 29817 | D:20     | Noticed Sojobo
 29833 | D:20     | XOM: severe Chrm miscast
 29843 | D:20     | XOM: enchant monster (bad)
 29900 | D:20     | XOM: swap monsters
 29908 | D:20     | XOM: swap monsters
 29914 | D:20     | XOM: summons 4 friendly demons
 30294 | D:20     | XOM: scenery: create altars
 30335 | D:20     | XOM: god gift: 32 gold pieces
 30370 | D:20     | XOM: god gift: hammer {god gift}
 30458 | D:20     | XOM: divination: detect creatures
 30683 | D:20     | Killed Sojobo
 30725 | D:20     | XOM: enchant monster (bad)
 30848 | D:21     | Found a gateway to Hell.
 30868 | D:21     | XOM: noise
 30893 | D:20     | XOM: enchant monster (bad)
 30993 | D:20     | XOM: noise
 31025 | D:21     | XOM: summons friendly ufetubus
 31096 | D:21     | XOM: enchant monster (bad)
 31179 | D:21     | Reached skill level 5 in Armour
 31231 | D:21     | XOM: enchant monster (bad)
 31233 | D:21     | XOM: summons 4 friendly demons
 31250 | D:21     | Found a one-way gate to the infinite horrors of the Abyss.
 31332 | D:19     | XOM: summons 9 friendly demons
 31349 | D:19     | XOM: give mutations
 31349 | D:19     | Gained mutation: You have large cloven feet. [Xom's grace]
 31349 | D:19     | Gained mutation: Your muscles are strong, but stiff (Str +1, Dex -1). [Xom's grace]
 31349 | D:19     | Gained mutation: Your spells are a little harder to cast, but a little more powerful. [Xom's grace]
 31349 | D:19     | Gained mutation: You have an increased reservoir of magic (+10% MP). [Xom's grace]
 31545 | D:17     | Fell from the grace of Xom
 31545 | D:17     | Became a worshipper of the Shining One
 31879 | D:21     | Reached skill level 10 in Shields
 32128 | D:21     | Learned a level 3 spell: Flight
 32134 | D:21     | Learned a level 5 spell: Silence
 32136 | D:21     | Identified Tiroyng's Almanac of Mutagenic Aid
 32146 | D:21     | Learned a level 4 spell: Ice Form
 32287 | D:22     | Acquired the Shining One's first power
 32452 | D:22     | Found a radiant altar of Vehumet.
 32561 | D:22     | Reached XP level 18. HP: 175/175 MP: 26/26
 32869 | D:22     | Got an ancient flail
 33365 | D:23     | Acquired the Shining One's second power
 33601 | D:22     | XOM: stat loss: -1 Dex (11/12)
 34072 | D:23     | Noticed oinker's ghost (great DjFi)
 34090 | D:23     | Killed oinker's ghost
 34156 | D:23     | Found Plealle's Food Shoppe.
 34219 | D:23     | Reached skill level 20 in Unarmed Combat
 35544 | D:23     | XOM: mild Erth miscast
 35585 | D:24     | Noticed Saint Roka
 35786 | D:24     | Killed Saint Roka
 36053 | D:24     | Learned a level 1 spell: Summon Butterflies
 36070 | D:24     | Noticed Wiglaf
 36085 | D:24     | Killed Wiglaf
 36085 | D:24     | Reached XP level 19. HP: 127/184 MP: 27/27
 36108 | D:24     | Got a transparent shield
 36124 | D:24     | Identified the +0 shield of Qonu {+Fly} (You took it off Wiglaf on level 24 of the Dungeon)
 36450 | D:24     | Found a one-way gate leading to the halls of Pandemonium.
 36627 | D:24     | Acquired the Shining One's third power
 36821 | D:24     | Paralysed by an orc sorcerer for 7 turns
 36944 | D:25     | Entered Level 25 of the Dungeon
 36949 | D:25     | Noticed Boris
 36959 | D:25     | Killed Boris
 37102 | D:25     | Found a flickering gateway to a bazaar.
 37116 | Bazaar   | Entered a bazaar
 37130 | Bazaar   | XOM: silly message
 37131 | Bazaar   | Found Nupaisot's Armour Shop.
 37135 | Bazaar   | Found Notusm's Magic Scroll Emporium.
 37141 | Bazaar   | Found Ediwk's Weapon Shoppe.
 37142 | Bazaar   | Bought a scroll of holy word for 97 gold pieces
 37142 | Bazaar   | Bought a scroll of identify for 26 gold pieces
 37142 | Bazaar   | Bought a scroll of identify for 26 gold pieces
 37142 | Bazaar   | Bought a scroll of magic mapping for 45 gold pieces
 37142 | Bazaar   | Bought a scroll of teleportation for 39 gold pieces
 37147 | Bazaar   | Found Gheon's Assorted Antiques.
 37154 | Bazaar   | Found Wootais' Antique Weapon Shop.
 37155 | Bazaar   | Bought a scroll labeled SIMPOC OWOA for 26 gold pieces
 37270 | D:25     | XOM: harmless Divn miscast
 37373 | D:25     | Reached skill level 1 in Invocations
 37407 | D:25     | Found a snail-covered altar of Cheibriados.
 37568 | D:25     | Learned a level 1 spell: Confusing Touch
 37982 | D:26     | Noticed Xtahua
 38364 | D:26     | XOM: medium Ice miscast
 38605 | D:26     | Reached skill level 10 in Armour
 38965 | D:26     | Reached skill level 21 in Unarmed Combat
 38987 | D:26     | Acquired the Shining One's fourth power
 39349 | D:26     | Noticed Margery
 39368 | D:26     | Killed Margery
 39623 | D:26     | Reached XP level 20. HP: 89/191 MP: 27/27
 39858 | D:26     | Reached skill level 5 in Invocations
 39921 | D:26     | XOM: mild Summ miscast
 39980 | D:27     | Entered Level 27 of the Dungeon
 40035 | D:26     | Killed Xtahua
 41601 | Swamp:1  | Entered Level 1 of the Swamp
 42369 | Swamp:3  | Noticed Mara
 42374 | Swamp:3  | Noticed Bruce's illusion
 42593 | Swamp:3  | Noticed Bruce's illusion
 42616 | Swamp:3  | Killed Bruce's illusion
 42622 | Swamp:3  | Noticed Bruce's illusion
 42626 | Swamp:3  | Killed Mara
 42648 | Swamp:3  | Killed Bruce's illusion
 43068 | Swamp:5  | Entered Level 5 of the Swamp
 43368 | Swamp:5  | Got a decaying rune of Zot
 43440 | Swamp:5  | Noticed Change's ghost (mighty DjSk)
 43452 | Swamp:5  | Killed Change's ghost
 43709 | Swamp:1  | Noticed Aizul
 43721 | Swamp:1  | Killed Aizul
 43878 | Slime:1  | Entered Level 1 of the Pits of Slime
 43886 | Lair:6   | Reached XP level 21. HP: 185/200 MP: 29/29
 44627 | Slime:4  | Gained mutation: You are dopey (Int -1). [a shining eye]
 44753 | Slime:6  | Entered Level 6 of the Pits of Slime
 45151 | Slime:6  | Reached skill level 22 in Unarmed Combat
 45235 | Slime:5  | Paralysed by a giant eyeball for 4 turns
 45390 | Slime:5  | Paralysed by a giant eyeball for 2 turns
 45399 | Slime:6  | Paralysed by a giant eyeball for 4 turns
 45511 | Slime:6  | Noticed the royal jelly
 45521 | Slime:6  | Killed the royal jelly
 45537 | Slime:6  | Paralysed by a giant eyeball for 4 turns
 45540 | Slime:6  | HP: 1/193 [death ooze[the royal jelly] (12)]
 45540 | Slime:6  | The Shining One protects you from harm!
 45540 | Slime:6  | The Shining One protects you from harm!
 45541 | Slime:6  | Slain by an azure jelly

Action                   |  1- 3 |  4- 6 |  7- 9 | 10-12 | 13-15 | 16-18 | 19-21 || total
-------------------------+-------+-------+-------+-------+-------+-------+-------++-------
Melee: Unarmed           |   104 |   196 |   361 |   802 |  1262 |  1439 |  1416 ||  5580
       Club              |       |       |       |       |       |     2 |       ||     2
       Staff             |       |       |       |       |       |       |     2 ||     2
 Fire: Blowgun           |       |       |       |       |     8 |       |       ||     8
Throw: Hand axe          |       |       |    26 |       |       |       |       ||    26
       Javelin           |       |       |       |     8 |       |       |       ||     8
       Large rock        |       |       |       |    61 |   137 |    67 |    55 ||   320
 Cast: Repel Missiles    |       |       |       |       |     2 |     1 |       ||     3
Invok: Divine Shield     |       |       |       |       |       |       |     4 ||     4
       Summon Divine War |       |       |       |       |       |       |     2 ||     2
 Abil: Breathe Fire      |       |     1 |       |       |       |       |       ||     1
Evoke: Wand              |       |       |       |    18 |    26 |     7 |     2 ||    53
       Miscellaneous     |       |       |       |     4 |     9 |     5 |     1 ||    19
       Deck              |       |       |       |       |       |     3 |       ||     3
       Rod               |       |       |       |       |       |     1 |       ||     1
  Use: Scroll            |       |     6 |     8 |    21 |    19 |    13 |    24 ||    91
       Potion            |       |     1 |     3 |    14 |     7 |    21 |    14 ||    60
 Stab: Paralysed         |       |     5 |       |     1 |     1 |     1 |       ||     8
       Distracted        |       |       |     1 |     2 |     4 |     4 |       ||    11
       Confused          |       |       |       |     3 |     5 |     3 |       ||    11
       Sleeping          |       |       |       |     3 |       |       |       ||     3
       Invisible         |       |       |       |       |       |     2 |       ||     2
       Petrified         |       |       |       |       |       |     1 |       ||     1
       Fleeing           |       |       |       |       |       |     1 |       ||     1
